 Dungeon Crawl Stone Soup version 0.28.0-53-g5a82cb258f (webtiles) character file.

Game seed: 15348366566815194928

489 Ashen the Chiller (level 6, -3/46 HPs)
             Began as a Demonspawn Ice Elementalist on July 10, 2022.
             Was an Initiate of Vehumet.
             Slain by Duvessa
             ... wielding a +4 short sword of venom
              (14 damage)
             ... on level 5 of the Dungeon.
             The game lasted 00:07:40 (5559 turns).

Ashen the Chiller (Demonspawn Ice Elementalist)     Turns: 5559, Time: 00:07:41

Health: -3/46      AC:  8    Str:  8    XL:     6   Next: 90%
Magic:  1/11       EV: 12    Int: 18    God:    Vehumet [......]
Gold:   198        SH:  4    Dex: 14    Spells: 4/11 levels left

rFire   . . .      SeeInvis .   (no weapon)
rCold   . . .      Faith    .   m - +0 buckler
rNeg    + . .      Spirit   .   a - +0 robe
rPois   .          Reflect  .   (helmet restricted)
rElec   .          Harm     .   (no cloak)
rCorr   .          Rampage  .   (no gloves)
Will    .....                   (no boots)
Stlth   ++........              (no amulet)
HPRegen 0.15/turn               b - ring of wizardry
MPRegen 0.12/turn               j - ring of positive energy

@: lethally poisoned (-3 -> -8), ice-armoured, freezing walls
A: antennae 1, claws 1, condensation shield
a: Renounce Religion


You were on level 5 of the Dungeon.
You worshipped Vehumet.
Vehumet was noncommittal.
You visited 2 branches of the dungeon, and saw 6 of its levels.

You collected 198 gold pieces.

Inventory:

Armour
 a - a +0 robe (worn)
 m - a +0 buckler (worn)
Jewellery
 b - a ring of wizardry (left claw)
 j - a ring of positive energy (right claw)
Wands
 l - a wand of paralysis (12)
Scrolls
 c - a scroll of teleportation {unknown}
 d - a scroll of amnesia {unknown}
 f - a scroll of identify {unknown}
 i - a scroll of enchant weapon {unknown}
 k - a scroll of noise {unknown}
Potions
 e - a potion of cancellation
 g - a potion of resistance {unknown}


   Skills:
 + Level 2.8 Fighting
 + Level 3.2 Dodging
 + Level 3.5 Stealth
 + Level 1.3 Shields
 + Level 3.4 Spellcasting
 + Level 4.6 Ice Magic


You had 4 spell levels left.
You knew the following spells:

 Your Spells              Type           Power      Damage    Failure   Level
a - Freeze                Ice            76%        1d9       1%          1
b - Frozen Ramparts       Ice            38%        1d5       4%          3
c - Ozocubu's Armour      Ice            19%        N/A       4%          3

Your spell library contained the following spells:

 Spells                   Type           Power      Damage    Failure   Level
 Magic Dart               Conj           12%        1d3       9%          1
 Searing Ray              Conj           6%         2d4       12%         2
 Hailstorm                Conj/Ice       11%        3d5       30%         4
 Ice Form                 Ice/Tmut       11%        N/A       30%         4
 Fulminant Prism          Conj/Hex       1%         3d6       58%         4
 Simulacrum               Ice/Necr       5%         N/A       99%         6


Dungeon Overview and Level Annotations

Branches:
Dungeon (5/15)             Temple (1/1) D:4

Altars:
Ashenzari
Cheibriados
Dithmenos
Kikubaaqudgha
Makhleb
Ru
Sif Muna
Uskayaw
Vehumet
Wu Jian
Xom
Yredelemnul
Zin
The Shining One
Beogh

Shops:
D:1 ?   D:5 ?

Annotations:
D:3 3 runed translucent doors, Ashen's ghost, amateur DsIE
D:5 Dowan; Duvessa


Innate Abilities, Weirdness & Mutations

You have a pair of small antennae on your head.
You have sharp fingernails.
A meltable shield of frost defends you. (SH +0)


Message History

You closely miss Dowan.
Dowan is heavily wounded.
Dowan mumbles some strange words.
Dowan blinks!
Casting: Frozen Ramparts (dangerous; 4% risk of failure)
Confirm with . or Enter, or press ? or * to list all spells.
Casting: Frozen Ramparts (dangerous; 4% risk of failure)
Press: ? - help, Dir - look around, f - activate The walls around you are covered in ice.
The wall freezes Duvessa.
You barely miss Duvessa.
Duvessa is lightly wounded.
The wall freezes Duvessa.
Duvessa hits you with a +4 short sword of venom.
You are poisoned.
You scratch Duvessa but do no damage.
Duvessa is lightly wounded.
You feel very sick.
The wall freezes Duvessa.
Duvessa hits you with a +4 short sword of venom.
You are more poisoned.
Casting: Frozen Ramparts (dangerous; 4% risk of failure)
Confirm with . or Enter, or press ? or * to list all spells.
Your icy armour thickens.
You feel very sick.
The wall freezes Duvessa.
Duvessa hits you with a +4 short sword of venom!
You scratch Duvessa.
Duvessa is heavily wounded.
You feel very sick.
The wall freezes Duvessa.
Duvessa barely misses you.
You barely miss Duvessa.
Duvessa is severely wounded.
You feel sick.
The wall freezes Duvessa.
You block Duvessa's attack.
The wall freezes Dowan.
You scratch Duvessa but do no damage.
Duvessa is severely wounded.
You feel sick.
The wall freezes Duvessa.
Duvessa hits you with a +4 short sword of venom!
You die...

..#........#.#
............
#..e.....#
#......(.#
#........# #.#
.######.#
........#########
........e@.∩.....
........e########
.........#
.........#
###.)....#
#......# ######.#
#.#


You could see Duvessa and Dowan.

Vanquished Creatures
  A necrophage (D:4)
  2 scorpions (D:4)
  A jelly (D:4)
  A gnoll shaman (D:3)
  A bullfrog skeleton (D:4)
  Jessica (D:2)
  A hound skeleton (D:3)
  5 gnolls
  4 adders
  An adder skeleton (D:4)
  3 dart slugs
  8 orcs
  5 bats
  4 endoplasms
  3 giant cockroaches
  4 goblins
  5 hobgoblins
  7 jackals
  2 quokkas
  2 ball pythons
  3 frilled lizards
  4 kobolds
  5 rats
73 creatures vanquished.

Vanquished Creatures (others)
  19 plants (D:3)
19 creatures vanquished.

Grand Total: 92 creatures vanquished

Notes
Turn   | Place    | Note
-------+----------+-------------------------------------------
     0 | D:1      | Ashen the Demonspawn Ice Elementalist began the quest for
                  | the Orb.
     0 | D:1      | Reached XP level 1. HP: 13/13 MP: 3/3
    16 | D:1      | Found Zusmuismux's Magic Scroll Emporium.
   312 | D:1      | Gained mutation: A meltable shield of frost defends you.
                  | (SH +0) [demonic ancestry]
   312 | D:1      | Reached XP level 2. HP: 19/19 MP: 3/5
   390 | D:1      | Found a faded altar of an unknown god.
  1232 | D:2      | Discovered your monstrous ancestry.
  1232 | D:2      | Gained mutation: You have sharp fingernails. [demonic
                  | ancestry]
  1232 | D:2      | Reached XP level 3. HP: 22/25 MP: 2/6
  1281 | D:2      | Noticed Jessica
  1291 | D:2      | Killed Jessica
  1292 | D:2      | Reached skill level 1 in Fighting
  1836 | D:3      | Reached skill level 4 in Ice Magic
  1836 | D:3      | Gained mutation: You have a pair of small antennae on your
                  | head. [demonic ancestry]
  1836 | D:3      | Reached XP level 4. HP: 24/32 MP: 2/7
  1842 | D:2      | Learned a level 3 spell: Frozen Ramparts
  1846 | D:2      | Learned a level 3 spell: Ozocubu's Armour
  2040 | D:3      | Found a runed translucent gate.
  2185 | D:3      | Paralysed by a gnoll shaman for 6 turns
  2737 | D:3      | Found an ancient bone altar of Kikubaaqudgha.
  2742 | D:3      | Reached XP level 5. HP: 38/38 MP: 7/9
  3146 | D:3      | Paralysed by a gnoll shaman for 5 turns
  3152 | D:3      | Paralysed by a gnoll shaman for 4 turns
  3156 | D:3      | HP: 1/38 [gnoll/+0 flail (8)]
  3170 | D:3      | Paralysed by a gnoll shaman for 3 turns
  3506 | D:3      | Found a runed translucent gate.
  3506 | D:3      | Identified the +2 ring mail of Nepp {-Cast Harm rCorr
                  | Stlth+}
  3507 | D:3      | Found a runed translucent gate.
  3507 | D:3      | Noticed Ashen's ghost (amateur DsIE)
  3864 | D:4      | Found a staircase to the Ecumenical Temple.
  3866 | D:4      | Noticed a necrophage
  3928 | D:4      | Killed a necrophage
  3929 | D:4      | Reached XP level 6. HP: 29/45 MP: 7/10
  3935 | Temple   | Entered the Ecumenical Temple
  4154 | Temple   | Became a worshipper of Vehumet
  4292 | D:4      | Reached skill level 1 in Shields
  5534 | D:5      | Entered Level 5 of the Dungeon
  5534 | D:5      | Noticed Duvessa
  5535 | D:5      | Noticed Dowan
  5537 | D:5      | Found Hidd's Magic Scroll Shoppe.
  5559 | D:5      | Slain by Duvessa

Illustrated notes

Levels and vault maps discovered:
D:1:      kennysheep_arrival_forest, layout_basic,
          shapermc_ecumenical_altar_pompeii, serial_shops, shop
D:2:      layout_rooms, uniq_jessica
D:3:      layout_basic, nicolae_kikubaaqudgha_miasma_corner,
          biasface_ghost_orc_armoury, kennysheep_donut, st_stairs_2,
          nicolae_grassy_gnolls
D:4:      layout_cave_pods, temple_fountains
D:5:      layout_basic, gammafunk_ghost_icy, serial_shops, shop,
          hangedman_abyss_or_decor_stagger, uniq_duvessa, uniq_eustachio,
          uniq_crazy_yiuf_cottage
Temple:   dshaligram_water_room_temple

Skill      XL: |  1  2  3  4  5  6 |
---------------+-------------------+-----
Stealth        | 2 3 |  3.5
Dodging        | 2 3 |  3.2
Fighting       | 1 2 |  2.8
Ice Magic      | 4 |  4.6
Spellcasting   | 3 |  3.4
Shields        | 1 |  1.3

Action                   |  1- 3 |  4- 6 || total
-------------------------+-------+-------++-------
Melee: Unarmed           |    31 |   172 ||   203
       Punch             |       |     1 ||     1
 Cast: Freeze            |    44 |    46 ||    90
       Ozocubu's Armour  |       |    13 ||    13
       Frozen Ramparts   |       |     9 ||     9
  Use: Potion            |       |     3 ||     3
 Stab: Sleeping          |     2 |     1 ||     3
Armor: Robe              |    16 |    53 ||    69
Dodge: Dodged            |    56 |   101 ||   157
Block: Other             |    17 |     8 ||    25
       Buckler           |       |    61 ||    61
